 Dungeon Crawl Stone Soup version 0.28.0 (webtiles) character file.

Game seed: 6080641351852169353

36 fragbeetle the Chopper (level 3, -1/27 HPs)
             Began as a Demonspawn Gladiator on Feb 13, 2022.
             Slain by a hobgoblin (3 damage)
             ... on level 2 of the Dungeon.
             The game lasted 00:00:59 (1045 turns).

fragbeetle the Chopper (Demonspawn Gladiator)       Turns: 1045, Time: 00:00:59

Health: -1/27      AC:  6    Str: 16    XL:     3   Next: 19%
Magic:  3/3        EV: 11    Int:  9    God:
Gold:   11         SH:  0    Dex: 14    Spells: 2/2 levels left

rFire   . . .      SeeInvis .   a - +0 war axe
rCold   . . .      Faith    .   (no shield)
rNeg    . . .      Spirit   .   f - +0 ring mail
rPois   .          Reflect  .   c - +0 helmet
rElec   .          Harm     .   (no cloak)
rCorr   +          Rampage  .   (no gloves)
Will    .....                   (no boots)
Stlth   +.........              (no amulet)
HPRegen 0.09/turn               h - ring of resist corrosion
MPRegen 0.08/turn               (no ring)

@: no status effects
A: claws 1
a: no special abilities


You were on level 2 of the Dungeon.
You visited 1 branch of the dungeon, and saw 2 of its levels.

You collected 11 gold pieces.

Inventory:

Hand Weapons
 a - a +0 war axe (weapon)
Missiles
 d - 3 throwing nets (quivered)
Armour
 b - a +0 leather armour
 c - a +0 helmet (worn)
 f - a +0 ring mail (worn)
Jewellery
 h - a ring of resist corrosion (left claw)
Scrolls
 e - 2 scrolls of teleportation {unknown}
 g - a scroll of vulnerability {unknown}
Potions
 i - a potion of flight {unknown}


   Skills:
 - Level 2.0 Fighting
 * Level 4.0 Axes
 - Level 1.7 Throwing
 - Level 2.6 Dodging


You had 2 spell levels left.
You didn't know any spells.
Your spell library was empty.

Dungeon Overview and Level Annotations

Branches:
Dungeon (2/15)

Altars:


Innate Abilities, Weirdness & Mutations

You have sharp fingernails.


Message History

You closely miss the ball python. The adder bites you.
* * * LOW HITPOINT WARNING * * *
The ball python barely misses you. The ball python constricts you.
The adder bites you.
* * * LOW HITPOINT WARNING * * *
The ball python barely misses you. The ball python constricts you.
You hit the adder.
The adder is severely wounded.
You hit the ball python. The adder closely misses you.
The ball python bites you but does no damage.
The ball python constricts you.
You hit the adder.
The adder is severely wounded.
You hit the ball python.
You kill the ball python!
The adder misses you. The adder bites you but does no damage.
Your Axes skill increases to level 4!
You hit the adder but do no damage.
The adder is severely wounded.
You closely miss the hobgoblin. The adder bites you but does no damage.
The hobgoblin misses you. The adder barely misses you.
The hobgoblin barely misses you.
You closely miss the adder.
The adder is severely wounded.
You barely miss the hobgoblin.
A kobold comes into view. It is wielding a +0 whip.
The adder bites you but does no damage. The hobgoblin barely misses you.
The adder closely misses you.
You miss the adder.
The adder is severely wounded.
You closely miss the hobgoblin.
The kobold shouts!
The hobgoblin hits you.
* * * LOW HITPOINT WARNING * * *
The adder misses you.
You barely miss the adder.
The adder is severely wounded.
You hit the hobgoblin. The adder bites you but does no damage.
The hobgoblin hits you.
You die...

........ ....
##.....#####....
####...............
?.....#...........
#..<.......#
#...###......# ##(
#......# #
#..)...## ####@...#
#.....gS...#
#.$.##.....# ..
......# .##....# K.
.....# .. #....#
... #....#


You could see an adder, a hobgoblin and a kobold.

Vanquished Creatures
  An adder (D:1)
  3 ball pythons
  An endoplasm (D:1)
  A goblin (D:1)
  2 hobgoblins (D:1)
  7 jackals
  2 kobolds
  A quokka (D:1)
  3 bats (D:1)
  2 rats (D:1)
23 creatures vanquished.

Notes
Turn   | Place    | Note
-------+----------+-------------------------------------------
     0 | D:1      | fragbeetle the Demonspawn Gladiator began the quest for the
                  | Orb.
     0 | D:1      | Reached XP level 1. HP: 16/16 MP: 1/1
   210 | D:1      | Reached skill level 3 in Axes
   223 | D:1      | Gained mutation: You have sharp fingernails. [demonic
                  | ancestry]
   223 | D:1      | Reached XP level 2. HP: 18/22 MP: 2/2
   389 | D:1      | Found a faded altar of an unknown god.
   963 | D:1      | Reached XP level 3. HP: 25/27 MP: 3/3
  1042 | D:2      | Reached skill level 4 in Axes
  1045 | D:2      | Slain by a hobgoblin

Illustrated notes

Levels and vault maps discovered:
D:1:      eino_arrival_tree_alley, layout_basic,
          hellmonk_ecumenical_altar_blasted, hangedman_decor_push
D:2:      layout_rooms, uniq_jessica

Skill      XL: |  1  2  3 |
---------------+----------+-----
Axes           | 3 4 |  4.0
Fighting       | |  2.0
Throwing       | |  1.7
Dodging        | |  2.6

Action                   || total
-------------------------++-------
Melee: War axe           ||    74
Armor: Ring mail         ||    50
Dodge: Dodged            ||    69
